 Dungeon Crawl Stone Soup version 0.21.0-3-g78d12a8 (webtiles) character file.

92 Dfrag the Firebug (level 4, 0/32 HPs)
             Began as a Demonspawn Fire Elementalist on Jan 11, 2018.
             Slain by an orc
             ... wielding a +0 flail
              (4 damage)
             ... on level 3 of the Dungeon.
             The game lasted 00:02:54 (1950 turns).

Dfrag the Firebug (Demonspawn Fire Elementalist)    Turns: 1950, Time: 00:02:54

Health: 0/32       AC:  4    Str:  8    XL:     4   Next: 35%
Magic:  5/7        EV: 13    Int: 17    God:
Gold:   151        SH:  0    Dex: 14    Spells: 6/7 levels left

rFire    + . .     SeeInvis .   g - +0 short sword (venom)
rCold    . . .     Gourm    .   (no shield)
rNeg     . . .     Faith    .   a - +0 robe
rPois    .         Spirit   .   h - +0 helmet
rElec    .         Reflect  .   f - +0 cloak
rCorr    .         Harm     .   (no gloves)
MR       .....                  (no boots)
Stlth    ++........             (no amulet)
HPRegen  0.10/turn              (no ring)
MPRegen  0.10/turn              (no ring)

@: lethally poisoned (0 -> -2)
A: hooves 1, fire resistance 1
a: no special abilities


You were on level 3 of the Dungeon.
You were hungry.

You visited 1 branch of the dungeon, and saw 3 of its levels.

You collected 151 gold pieces.

Inventory:

Hand Weapons
 g - a +0 short sword of venom (weapon)
Armour
 a - a +0 robe (worn)
 f - a +0 cloak (worn)
 h - a +0 helmet (worn)
Scrolls
 d - a scroll of teleportation {unknown}
 e - a scroll of enchant weapon {unknown}
 i - a scroll of random uselessness {unknown}
 k - a scroll of amnesia {unknown}
 l - a scroll of fear {unknown}
 m - 2 scrolls of remove curse {unknown}
 n - a scroll of enchant armour {unknown}
 q - 2 scrolls of identify {unknown}
 s - a scroll of fog {unknown}
Potions
 j - a potion of curing {unknown}
 o - a potion of resistance {unknown}
 p - 3 potions of flight {unknown}
 r - a potion of might {unknown}
Books
 b - a book of Flames

   Spells                             Type                      Level
   a - Flame Tongue                   Conjuration/Fire             1
   b - Throw Flame                    Conjuration/Fire             2
   c - Conjure Flame                  Conjuration/Fire             3
   d - Inner Flame                    Hexes/Fire                   3
   e - Sticky Flame                   Conjuration/Fire             4
   f - Fireball                       Conjuration/Fire             5
Comestibles
 c - 6 rations


   Skills:
 + Level 1.1 Fighting
 + Level 0.6 Short Blades
 + Level 2.3 Dodging
 + Level 2.3 Stealth
 + Level 2.3 Spellcasting
 + Level 1.4 Conjurations
 + Level 3.4 Fire Magic


You had 6 spell levels left.
You knew the following spells:

 Your Spells              Type           Power        Failure   Level  Hunger
a - Flame Tongue          Conj/Fire      ##...        7%          1    #......


Dungeon Overview and Level Annotations

Branches:
Dungeon (3/15)

Altars:


Innate Abilities, Weirdness & Mutations

You have large cloven feet.
Your flesh is heat resistant. (rF+)


Message History

You kill the adder!
Your Fighting skill increases to level 1!
Casting: Flame Tongue
Confirm with . or Enter, or press ? or * to list all spells.
Aiming: Flame Tongue
Press: ? - help, Shift-Dir - straight line, f - orc
Aim: an orc, wielding a flail and wearing a leather armour The flame tongue hits the orc.
The orc is heavily wounded.
The orc hits you with a flail.
* * * LOW HITPOINT WARNING * * *
Casting: Flame Tongue
Confirm with . or Enter, or press ? or * to list all spells.
Aiming: Flame Tongue
Press: ? - help, Shift-Dir - straight line, f/p - orc
Aim: an orc, wielding a flail and wearing a leather armour (heavily wounded)
The flame tongue hits the orc.
The orc is almost dead.
You feel sick. The orc hits you with a flail.
You die...

#......... #
#.....##.#
#.###......#
#......#####
.####...# ........#
. ......#.#
#...##############(#
'...'oo@......)...(#
#...################
#


You could see 2 orcs.

Vanquished Creatures
  A gnoll (D:2)
  4 adders
  A worm (D:2)
  A dart slug (D:3)
  A leopard gecko (D:1)
  4 orcs (D:3)
  2 giant cockroaches
  A goblin (D:2)
  8 hobgoblins
  4 kobolds
  A quokka (D:2)
  2 bats
  2 frilled lizards (D:2)
  9 rats
41 creatures vanquished.

Notes
Turn   | Place    | Note
-------+----------+-------------------------------------------
     0 | D:1      | Dfrag the Demonspawn Fire Elementalist began the quest for the Orb.
     0 | D:1      | Reached XP level 1. HP: 13/13 MP: 3/3
   198 | D:1      | Gained mutation: You have large cloven feet. [demonic ancestry]
   198 | D:1      | Reached XP level 2. HP: 11/19 MP: 1/5
   316 | D:1      | Reached skill level 3 in Fire Magic
  1076 | D:2      | Gained mutation: Your flesh is heat resistant. (rF+) [demonic ancestry]
  1076 | D:2      | Reached XP level 3. HP: 18/24 MP: 0/6
  1828 | D:3      | Reached XP level 4. HP: 25/31 MP: 7/7
  1948 | D:3      | Reached skill level 1 in Fighting
  1950 | D:3      | Slain by an orc

Skill      XL: |  1  2  3  4 |
---------------+-------------+-----
Fire Magic     | 3 |  3.4
Dodging        | 2 |  2.3
Stealth        | 2 |  2.3
Fighting       | 1 |  1.1
Short Blades   | |  0.6
Spellcasting   | |  2.3
Conjurations   | |  1.4

Action                   |  1- 3 |  4- 6 || total
-------------------------+-------+-------++-------
Melee: Short sword       |    62 |    19 ||    81
       Unarmed           |     3 |       ||     3
       Kick              |     6 |     7 ||    13
 Cast: Flame Tongue      |    18 |     6 ||    24
 Stab: Sleeping          |     6 |       ||     6
  Eat: Chunk             |     3 |       ||     3
Armor: Robe              |    17 |     1 ||    18
Dodge: Dodged            |    40 |    11 ||    51
